 Dungeon Crawl Stone Soup version 0.26.1-15-g04117e645d (webtiles) character file.

Game seed: 12665272037007503487

2975 Froggeryz the Cleaver (level 9, -22/61 HPs)
             Began as an Octopode Berserker on July 20, 2022.
             Was an Elder of Trog.
             Hit by a large rock thrown by a cyclops (44 damage)
             ... on level 8 of the Dungeon.
             The game lasted 00:07:45 (8244 turns).

Froggeryz the Cleaver (Octopode Berserker)          Turns: 8244, Time: 00:07:45

Health: -22/61     AC:  3    Str: 16    XL:     9   Next: 82%
Magic:  9/9        EV: 16    Int: 16    God:    Trog [****..]
Gold:   515        SH:  0    Dex: 15    Spells: 8/8 levels left

rFire    x . .     SeeInvis +   x - +4 war axe (freeze)
rCold    . . .     Faith    .   (no shield)
rNeg     . . .     Spirit   .   y - +2 hat
rPois    .         Reflect  .   (no amulet)
rElec    .         Harm     .   o - ring of the King {*Contam rF- Will+ Int+7 SInv}
rCorr    .         Rampage  .   w - ring of willpower
Will     ++++.                  (no ring)
Stlth    ++++......             (no ring)
HPRegen  1.20/turn              (no ring)
MPRegen  0.11/turn              (no ring)
                                (no ring)
                                (no ring)

@: lethally poisoned (-22 -> -23), about to teleport, regenerating
A: almost no armour, stealthy swim, amphibious, 8 rings, constrict 8, camouflage
1, gelatinous body 1
a: Renounce Religion, Berserk, Trog's Hand, Brothers in Arms


You were on level 8 of the Dungeon.
You worshipped Trog.
Trog was greatly pleased with you.
You visited 1 branch of the dungeon, and saw 8 of its levels.

You collected 515 gold pieces.

Inventory:

Hand Weapons
 a - a +0 hand axe
 x - a +4 war axe of freezing (weapon)
 A - the +12 hunting sling "Joskorun" {flame, rPois Str+6 Stlth-}
   (You found it on level 7 of the Dungeon)

   It causes projectiles fired from it to burn those they strike, causing extra
   injury to most foes and up to half again as much damage against particularly
   susceptible opponents.
   It affects your strength (+6).
   It protects you from poison.
   It makes you less stealthy.
Missiles
 e - 33 poisoned darts (quivered)
 z - a throwing net
 D - 8 javelins
 E - 13 sling bullets
 G - 5 boomerangs
Armour
 y - a +2 hat (worn)
Jewellery
 o - the ring of the King (left tentacle) {*Contam rF- Will+ Int+7 SInv}
   (You found it on level 4 of the Dungeon)

   [ring of willpower]

   It affects your intelligence (+7).
   It makes you vulnerable to fire.
   It affects your willpower, your defense against some magical effects.
   It lets you see invisible.
   It causes magical contamination when unequipped.
 q - an uncursed ring of ice
 w - a ring of willpower (right tentacle)
Wands
 s - a wand of enslavement (6)
 u - a wand of paralysis (7)
 C - a wand of iceblast (3)
Scrolls
 c - 4 scrolls of teleportation
 f - 3 scrolls of enchant armour {unknown}
 g - 2 scrolls of random uselessness {unknown}
 h - 7 scrolls of identify {unknown}
 i - 2 scrolls of fog {unknown}
 j - a scroll of blinking {unknown}
 k - a scroll of magic mapping {unknown}
 n - 5 scrolls of remove curse {unknown}
 r - a scroll of enchant weapon {unknown}
 H - a scroll of amnesia {unknown}
Potions
 b - 2 potions of haste {unknown}
 d - 3 potions of curing
 l - 2 potions of might {unknown}
 m - a potion of heal wounds {unknown}
 p - 4 potions of lignification {unknown}
 t - 2 potions of brilliance {unknown}
 v - 2 potions of flight {unknown}
 B - 2 potions of mutation {unknown}
 F - a potion of degeneration {unknown}


   Skills:
 - Level 5.4 Fighting
 * Level 10.4(10.6) Axes
 - Level 2.6(7.2) Maces & Flails
 + Level 1.3(2.8) Slings
 - Level 4.0(4.1) Throwing
 - Level 5.0 Dodging
 - Level 4.0 Stealth


You had 8 spell levels left.
You didn't know any spells.
Your spell library was empty.

Dungeon Overview and Level Annotations

Branches:
Dungeon (8/15)             Temple (0/1) D:7
   Lair: D:8-11

Altars:
Ashenzari
Elyvilon
Fedhas
Hepliaklqana
Kikubaaqudgha
Makhleb
Qazlal
Sif Muna
Uskayaw
Vehumet
Zin
The Shining One


Innate Abilities, Weirdness & Mutations

You cannot wear most types of armour.
You are very stealthy in the water. (Stealth+)
You are amphibious.
You can wear up to eight rings at the same time.
You can use your tentacles to constrict eight enemies at once.
Your skin changes colour to match your surroundings (Stealth+).
Your rubbery body absorbs attacks. (AC +1, EV +1)


Message History

You feel strong-willed. The killer bee closely misses you.
The killer bee stings you.
As you read the scroll of teleportation, it crumbles to dust.
You feel strangely unstable. The killer bee completely misses you.
The killer bee stings you.
You miss the killer bee.
The cyclops shouts!
You grab the killer bee. You squeeze the killer bee.
The killer bee is moderately wounded.
You constrict the killer bee. The killer bee stings you.
You are poisoned.
The killer bee poisons you! The killer bee misses you.
The cyclops throws a large rock.
The large rock hits you!!
Ouch! That really hurt!
You feel better.
You constrict the killer bee. The killer bee stings you!
You are poisoned.
The killer bee poisons you! The killer bee misses you.
The cyclops throws a large rock.
The large rock hits you!!!
Ouch! That really hurt!
You die...

#.#. #...#
.. #...##
#..#....#
#..#.#..#
.###..#.#..#
........#..#
.S<....yy..#
####>#y##.#
#.#@# .# #.#
y# ..# yy
.... ..
..... ..#
.)(....
.(.(...(
....C.....


You could see a cyclops and 3 killer bees.

Vanquished Creatures
  A shadow (D:7)
  An ice beast (D:7)
  A sky beast (D:6)
  2 orc warriors (D:7)
  5 ogres
  A phantom (D:7)
  2 centaurs
  4 bullfrogs
  2 scorpions
  8 wights
  2 howler monkeys
  A crimson imp (D:3)
  A jelly (D:7)
  A bullfrog skeleton (D:6)
  A gnoll shaman (D:7)
  An orc priest (D:4)
  A centaur skeleton (D:4)
  Jessica (D:2)
  2 iguanas
  Natasha (thrice) (D:2)
  9 worker ants
  7 orc wizards
  4 gnolls (D:7)
  6 adders
  2 shadow imps
  2 white imps
  3 ufetubi
  2 oozes
  2 worms
  2 adder skeletons
  4 leopard geckos
  27 orcs
  7 bats
  5 giant cockroaches
  7 goblins
  7 hobgoblins
  7 jackals
  6 kobolds
  3 quokkas
  2 ball pythons
  4 frilled lizards
  A leopard gecko skeleton (D:4)
  A quokka skeleton (D:6)
  7 rats
  A butterfly (D:7)
169 creatures vanquished.

Vanquished Creatures (others)
  An orc (D:6)
1 creature vanquished.

Grand Total: 170 creatures vanquished

Notes
Turn   | Place    | Note
-------+----------+-------------------------------------------
     0 | D:1      | Froggeryz the Octopode Berserker began the quest for the
                  | Orb.
     0 | D:1      | Reached XP level 1. HP: 16/16 MP: 1/1
   121 | D:1      | Reached XP level 2. HP: 21/21 MP: 2/2
   139 | D:1      | Reached skill level 1 in Stealth
   739 | D:2      | Reached skill level 1 in Maces & Flails
   754 | D:2      | Reached XP level 3. HP: 26/26 MP: 3/3
   928 | D:2      | Reached ** piety under Trog
   939 | D:2      | Noticed Natasha
   947 | D:2      | Killed Natasha
   948 | D:2      | Reached skill level 4 in Axes
   948 | D:2      | Reached XP level 4. HP: 8/31 MP: 4/4
  1352 | D:2      | Noticed Jessica
  1361 | D:2      | Killed Jessica
  1590 | D:2      | Noticed Natasha
  1597 | D:2      | Killed Natasha
  1598 | D:2      | Reached XP level 5. HP: 19/36 MP: 5/5
  1799 | D:2      | Noticed Natasha
  1804 | D:2      | Killed Natasha
  1976 | D:3      | Found a blossoming altar of Fedhas.
  2536 | D:3      | Found a burning altar of Makhleb.
  2537 | D:3      | Found a radiant altar of Vehumet.
  2551 | D:3      | Reached skill level 5 in Axes
  2551 | D:3      | Reached XP level 6. HP: 28/42 MP: 6/6
  2765 | D:4      | Found a hide-covered altar of Uskayaw.
  2790 | D:4      | Found a broken altar of Ashenzari.
  3171 | D:4      | Reached skill level 6 in Axes
  3171 | D:4      | Reached XP level 7. HP: 20/46 MP: 7/7
  3693 | D:4      | Got a twitching pewter ring
  3708 | D:4      | Reached *** piety under Trog
  4435 | D:4      | Found a shimmering blue altar of Sif Muna.
  4545 | D:5      | Entered Level 5 of the Dungeon
  4894 | D:5      | Found a white marble altar of Elyvilon.
  5023 | D:5      | Found a glowing golden altar of the Shining One.
  5482 | D:6      | Reached skill level 7 in Axes
  5588 | D:6      | Found a glowing silver altar of Zin.
  5591 | D:6      | Found a stormy altar of Qazlal.
  5593 | D:6      | Found a hazy altar of Hepliaklqana.
  5656 | D:6      | Reached XP level 8. HP: 41/54 MP: 8/8
  6077 | D:6      | Reached skill level 5 in Fighting
  6077 | D:6      | Reached skill level 8 in Axes
  6183 | D:6      | Found an ancient bone altar of Kikubaaqudgha.
  6463 | D:6      | Reached skill level 9 in Axes
  6869 | D:7      | Identified the ring of the King {*Contam rF- Will+ Int+7
                  | SInv} (You found it on level 4 of the Dungeon)
  6957 | D:7      | Found a white marble altar of Elyvilon.
  7035 | D:7      | Reached **** piety under Trog
  7054 | D:7      | Got a smoking hunting sling
  7094 | D:7      | Identified the +12 hunting sling "Joskorun" {flame, rPois
                  | Str+6 Stlth-} (You found it on level 7 of the Dungeon)
  7120 | D:7      | Reached skill level 1 in Throwing
  7120 | D:7      | Reached XP level 9. HP: 61/61 MP: 9/9
  7450 | D:7      | Reached skill level 10 in Axes
  7808 | D:7      | Reached skill level 5 in Dodging
  7892 | D:7      | Found a staircase to the Ecumenical Temple.
  8158 | D:8      | Reached skill level 1 in Slings
  8240 | D:8      | Noticed a cyclops
  8244 | D:8      | Hit by a large rock thrown by a cyclops

Illustrated notes

Levels and vault maps discovered:
D:1:      saegor_arrival_simple_a, layout_basic, minmay_cut_off
D:2:      layout_loops_ring, minmay_bisected, uniq_natasha, uniq_jessica
D:3:      layout_basic, grunt_temple_overflow_lords_of_destruction,
          lemuel_crystal_altar
D:4:      layout_gridville, nicolae_overflow_crystal_walls,
          ashenzari_conservatory_becter, led_sif_pool
D:5:      layout_cave_pods, tso_oasis_becter, basic_altar
D:6:      layout_loops_ring, kiku_gazebo_pond_becter,
          nicolae_overflow_hidden_temple, overflow_temple_1_default
D:7:      cheibrodos_barr_body, layout_rooms, elyvilon_altar_4,
          minmay_temple_entry_butterflies, minmay_misc_feat_pillars
D:8:      layout_loops_ring, kennysheep_mini_moat, minmay_sticks_and_stones,
          uniq_maggie

Skill      XL: |  1  2  3  4  5  6  7  8  9 |
---------------+----------------------------+-----
Stealth        | 1 2 3 4 |  4.0
Maces & Flails | 1 2 |  2.6
Axes           | 4 5 6 7 9 10 | 10.4
Fighting       | 4 5 |  5.4
Throwing       | 1 4 |  4.0
Dodging        | 4 5 |  5.0
Slings         | 1 |  1.3

Action                   |  1- 3 |  4- 6 |  7- 9 || total
-------------------------+-------+-------+-------++-------
Melee: Hand axe          |    50 |   109 |   157 ||   316
       Constrict         |    12 |    26 |    58 ||    96
       Tentacles         |     7 |    14 |    55 ||    76
       War axe           |       |       |    89 ||    89
 Fire: Hunting sling     |       |       |     4 ||     4
Throw: Dart              |     1 |     1 |     6 ||     8
Invok: Berserk           |       |     2 |     3 ||     5
       Trog's Hand       |       |       |     3 ||     3
Evoke: Wand              |       |       |     4 ||     4
  Use: Scroll            |       |     1 |     2 ||     3
       Potion            |       |       |     2 ||     2
 Stab: Sleeping          |     4 |    12 |     8 ||    24
       Distracted        |       |       |     1 ||     1
Armor: Skin              |     5 |     5 |    12 ||    22
Dodge: Dodged            |    45 |    66 |   128 ||   239
